 Dungeon Crawl Stone Soup version 0.29.0-4-gdea44cf6ec (webtiles) character file.

Game seed: 17270077921156815576

2857 qw the Cleaver (level 9, -5/57 HPs)
             Began as a Gargoyle Fighter on Sept 9, 2022.
             Was a Follower of Okawaru.
             Slain by a white ugly thing (9 damage)
             ... on level 8 of the Dungeon.
             The game lasted 00:03:01 (8004 turns).

qw the Cleaver (Gargoyle Fighter)                   Turns: 8004, Time: 00:03:02

Health: -5/57      AC: 21    Str: 29    XL:     9   Next: 75%
Magic:  8/10       EV: 10    Int:  7    God:    Okawaru [*.....]
Gold:   476        SH:  5    Dex:  8    Spells: 8/8 levels left

rFire   . . .      SeeInvis .   Y - +0 war axe
rCold   + . .      Faith    .   c - +0 buckler
rNeg    + . .      Spirit   .   j - +0 chain mail
rPois   inf        Reflect  .   (helmet restricted)
rElec   +          Harm     .   (no cloak)
rCorr   .          Rampage  .   e - +0 pair of gloves
Will    .....                   l - +0 pair of boots
Stlth   ..........              (no amulet)
HPRegen 0.19/turn               (no ring)
MPRegen 0.12/turn               (no ring)

@: about to teleport, heroic
A: sickness immunity, AC +6, negative energy resistance 1, electricity
resistance, torment resistance 1, petrification resistance, horns 1, cold
resistance 1, low MP 1, strong 1
a: Renounce Religion, Heroism


You were on level 8 of the Dungeon.
You worshipped Okawaru.
Okawaru was aware of your devotion.
You visited 2 branches of the dungeon, and saw 9 of its levels.

You collected 476 gold pieces.


Innate Abilities, Weirdness & Mutations

You are immune to sickness and miasma.
Your stone body is resilient. (AC +6)
You are immune to poison.
You resist negative energy. (rN+)
You are resistant to electric shocks. (rElec)
You are resistant to unholy torment.
You are immune to petrification.
You have a pair of small horns on your head.
Your flesh is cold resistant. (rC+)
Your magical capacity is low. (-10% MP)
Your muscles are strong. (Str +4, Int/Dex -1)


   Skills:
 - Level 7.0(12.0) Fighting
 + Level 9.1(14.1) Axes
 - Level 2.3(7.3) Throwing
 - Level 5.3(10.3) Armour
 - Level 1.0(6.0) Dodging
 - Level 4.1(9.1) Shields
 - Level 4.0 Invocations


You had 8 spell levels left.
You didn't know any spells.
Your spell library was empty.

Inventory:

Hand Weapons
 n - a +0 flail
 Y - a +0 war axe (weapon)
Missiles
 g - a boomerang
 t - 4 javelins (quivered)
Armour
 c - a +0 buckler (worn)
 e - a +0 pair of gloves (worn)
 j - a +0 chain mail (worn)
 l - a +0 pair of boots (worn)
Jewellery
 i - a ring of ice
 p - a ring of ice
Scrolls
 a - 2 scrolls of identify
 o - a scroll of blinking
Potions
 b - 2 potions of curing
 d - 3 potions of might
 f - a potion of mutation
 h - a potion of resistance
 k - 3 potions of attraction
 q - a potion of lignification {unknown}
 r - 3 potions of haste

Dungeon Overview and Level Annotations

Branches:
Dungeon (8/15)             Temple (1/1) D:7            Lair (0/5) D:8

Altars:
Ashenzari
Cheibriados
Dithmenos
Elyvilon
Gozag
Hepliaklqana
Kikubaaqudgha
Makhleb
Nemelex Xobeh
Okawaru
Qazlal
Ru
Sif Muna
Trog
Uskayaw
Vehumet
Wu Jian
Xom
Zin
The Shining One

Shops:
D:2 (


Message History

You closely miss the white ugly thing.
The white ugly thing is moderately wounded.
You slash the bullfrog! You block the bullfrog's attack.
The white ugly thing punches you but does no damage.
You hit the bullfrog. You headbutt the bullfrog.
You kill the bullfrog!
Okawaru accepts your kill.
You barely miss the white ugly thing. You closely miss the white ugly thing.
You headbutt the white ugly thing, but do no damage.
The white ugly thing is moderately wounded.
The white ugly thing punches you but does no damage.
You closely miss the white ugly thing.
The white ugly thing is moderately wounded.
The white ugly thing barely misses you.
You slash the white ugly thing! You headbutt the white ugly thing.
The white ugly thing is severely wounded.
The white ugly thing barely misses you.
You hit the white ugly thing but do no damage.
You headbutt the white ugly thing, but do no damage.
The white ugly thing is severely wounded.
The white ugly thing punches you but does no damage.
You hit the white ugly thing.
Your headbutt misses the white ugly thing.
The white ugly thing is severely wounded.
The white ugly thing punches you. The white ugly thing freezes you! You resist.
8001 ||| READING scroll of teleportation.
As you read the scroll of teleportation, it crumbles to dust.
You feel strangely unstable.
The white ugly thing punches you but does no damage.
You barely miss the white ugly thing.
The white ugly thing is severely wounded.
The white ugly thing closely misses you.
You slash the white ugly thing! You headbutt the white ugly thing.
The white ugly thing is almost dead.
You hit the white ugly thing but do no damage.
The white ugly thing is almost dead.
The white ugly thing punches you!
You die...

#....[.........P...'.
#......###.........#.
#.......##...).....##
#.....#..#......P....
#..<..##.............
#########.#..........
########..?....P...P
#...................
##)@#######...###...
##u.# ###.# ..# ##.#
#... ## .# ##. .# ..
#. ..


You could see a white ugly thing.

Vanquished Creatures
  Pikel (D:8)
  Sigmund (D:2)
  A wyvern (D:8)
  A yak (D:8)
  A black bear (D:8)
  2 ice beasts
  An orc warrior (D:8)
  2 sky beasts
  2 ogres
  A lemure (D:8)
  2 bullfrogs (D:8)
  A gnoll sergeant (D:8)
  A necrophage (D:8)
  2 scorpions
  5 killer bees (D:7)
  4 howler monkeys
  2 hounds (D:5)
  An orc priest (D:6)
  Ijyb (D:5)
  Terence (D:2)
  3 orc wizards (D:8)
  7 adders
  11 river rats (D:4)
  A white imp (D:5)
  2 ufetubi
  15 orcs
  8 ball pythons
  7 bats
  6 endoplasms
  2 giant cockroaches
  7 goblins
  8 hobgoblins
  A jackal (D:3)
  A quokka (D:4)
  A frilled lizard (D:1)
  11 kobolds
  17 rats
141 creatures vanquished.

Vanquished Creatures (others)
  17 fungi
  18 plants
35 creatures vanquished.

Grand Total: 176 creatures vanquished

Notes
Turn   | Place    | Note
-------+----------+-------------------------------------------
     0 | D:1      | qw the Gargoyle Fighter began the quest for the Orb.
     0 | D:1      | Reached XP level 1. HP: 14/14 MP: 1/1
     0 | D:1      | 0 ||| qw: Version: 0.1-a-113-g051387a
     0 | D:1      | 0 ||| qw: Game counter: 6988
     0 | D:1      | 0 ||| qw: Always use a shield: true
     0 | D:1      | 0 ||| qw: God list: Okawaru
     0 | D:1      | 0 ||| qw: Allow faded altars: false
     0 | D:1      | 0 ||| qw: Do Orc after D:15 true
     0 | D:1      | 0 ||| qw: Do second Lair branch before Depths: true
     0 | D:1      | 0 ||| qw: Lair rune preference: random
     0 | D:1      | 0 ||| qw: Plans: Normal, Zot, God:TSO, Crypt, Tomb, Zig,
                  | Orb
     0 | D:1      | 0 ||| PLANNING D:1-11
   111 | D:1      | Reached skill level 2 in Axes
   207 | D:1      | 207 ||| Stepping ~*~*~tactically~*~*~ (stealth).
   214 | D:1      | Reached XP level 2. HP: 19/19 MP: 2/2
   263 | D:1      | 263 ||| Stepping ~*~*~tactically~*~*~ (stealth).
   277 | D:1      | 277 ||| DROPPING +0 club.
   420 | D:1      | 420 ||| Stepping ~*~*~tactically~*~*~ (stealth).
   429 | D:1      | 429 ||| Stepping ~*~*~tactically~*~*~ (stealth).
   439 | D:1      | Reached skill level 3 in Axes
   443 | D:1      | Reached XP level 3. HP: 20/23 MP: 3/3
   475 | D:1      | 475 ||| Stepping ~*~*~tactically~*~*~ (stealth).
  1000 | D:1      | 1000 ||| UPGRADING to +0 chain mail.
  1010 | D:1      | 1010 ||| DROPPING +0 scale mail.
  1011 | D:1      | 1011 ||| READING scroll labelled LOISIKY XIOB.
  1012 | D:1      | 1012 ||| READING scroll labelled HEMOBE QYINA.
  1104 | D:2      | Noticed Terence
  1114 | D:2      | Killed Terence
  1115 | D:2      | Reached XP level 4. HP: 16/28 MP: 4/4
  1119 | D:2      | 1119 ||| FLEEEEING.
  1120 | D:2      | 1120 ||| FLEEEEING.
  1130 | D:2      | 1130 ||| STAIRDANCE
  1326 | D:2      | Found a faded altar of an unknown god.
  1355 | D:2      | Reached skill level 4 in Axes
  1459 | D:2      | Found Utaimion's Weapon Emporium.
  1539 | D:2      | Noticed Sigmund
  1565 | D:2      | HP: 6/28 [something (2)]
  1566 | D:2      | HP: 1/28 [something (5)]
  1568 | D:2      | Killed Sigmund
  1569 | D:2      | Reached skill level 5 in Axes
  1569 | D:2      | Reached XP level 5. HP: 2/32 MP: 5/5
  1569 | D:2      | Reached XP level 6. HP: 2/37 MP: 6/6
  1865 | D:2      | 1865 ||| DROPPING +1 hand axe of electrocution.
  2282 | D:2      | 2282 ||| READING scroll labelled VUQUQE YDYM.
  2287 | D:2      | 2287 ||| DRINKING 3 smoky blue potions.
  2288 | D:2      | 2288 ||| READING 3 scrolls of identify.
  2288 | D:2      | 2288 ||| IDENTIFYING grey potion
  2289 | D:2      | 2289 ||| READING 2 scrolls of identify.
  2289 | D:2      | 2289 ||| IDENTIFYING clear potion
  2290 | D:2      | 2290 ||| DROPPING potion of flight.
  2291 | D:2      | 2291 ||| DROPPING 2 potions of brilliance.
  2882 | D:3      | 2882 ||| DROPPING +0 whip.
  3099 | D:3      | 3099 ||| UPGRADING to +0 pair of boots.
  3104 | D:3      | 3104 ||| READING scroll labelled LOONWY QATOFRI.
  3105 | D:3      | 3105 ||| READING scroll labelled ESU GA DASYECH.
  3106 | D:3      | 3106 ||| DRINKING 2 green potions.
  3107 | D:3      | 3107 ||| DRINKING 2 lumpy amethyst potions.
  3107 | D:3      | Gained mutation: You have a pair of small horns on your
                  | head. [potion of mutation]
  3107 | D:3      | Gained mutation: Your muscles are strong. (Str +4, Int/Dex
                  | -1) [potion of mutation]
  3107 | D:3      | Gained mutation: Your magical capacity is low. (-10% MP)
                  | [potion of mutation]
  3107 | D:3      | Gained mutation: Your flesh is cold resistant. (rC+)
                  | [potion of mutation]
  3108 | D:3      | 3108 ||| READING 4 scrolls of identify.
  3108 | D:3      | 3108 ||| IDENTIFYING lumpy red potion
  3109 | D:3      | 3109 ||| READING 3 scrolls of identify.
  3109 | D:3      | 3109 ||| IDENTIFYING fuming clear potion
  3110 | D:3      | 3110 ||| DROPPING potion of degeneration.
  3111 | D:3      | 3111 ||| DROPPING potion of invisibility.
  3165 | D:4      | Noticed an ice beast
  3174 | D:4      | Killed an ice beast
  3288 | D:4      | Reached skill level 6 in Axes
  3288 | D:4      | Reached XP level 7. HP: 18/44 MP: 6/6
  3582 | D:4      | Found a sparkling altar of Nemelex Xobeh.
  3880 | D:4      | 3880 ||| Stepping ~*~*~tactically~*~*~ (stealth).
  3914 | D:4      | Reached skill level 1 in Dodging
  4211 | D:4      | Found a faded altar of an unknown god.
  4211 | D:4      | Found a broken altar of Ashenzari.
  4218 | D:4      | Found a bloodstained altar of Trog.
  4222 | D:4      | Found a stormy altar of Qazlal.
  4224 | D:4      | Found a radiant altar of Vehumet.
  4477 | D:4      | 4477 ||| UPGRADING to +0 pair of gloves.
  4482 | D:4      | 4482 ||| READING 2 scrolls of identify.
  4482 | D:4      | 4482 ||| IDENTIFYING murky cyan potion
  4509 | D:5      | Entered Level 5 of the Dungeon
  4632 | D:5      | Reached skill level 7 in Axes
  4872 | D:5      | Noticed Ijyb
  4884 | D:5      | Killed Ijyb
  4911 | D:5      | Found a shimmering altar of Xom.
  5157 | D:5      | 5157 ||| READING 2 scrolls labelled TOLOOQAM XIYRGH.
  5158 | D:5      | 5158 ||| READING scroll labelled EBEMUU LUOGA.
  5159 | D:5      | 5159 ||| DROPPING scroll of amnesia.
  5267 | D:6      | Reached XP level 8. HP: 47/49 MP: 7/7
  6223 | D:6      | 6223 ||| READING scroll labelled DOFICHO BURUW.
  6224 | D:6      | 6224 ||| READING 3 scrolls of identify.
  6224 | D:6      | 6224 ||| IDENTIFYING fuming coppery potion
  6225 | D:6      | 6225 ||| READING 2 scrolls of identify.
  6225 | D:6      | 6225 ||| IDENTIFYING fizzy purple potion
  6298 | D:7      | Reached skill level 8 in Axes
  6307 | D:7      | 6307 ||| Stepping ~*~*~tactically~*~*~ (stealth).
  6317 | D:7      | HP: 12/49 [killer bee (4)]
  6318 | D:7      | 6318 ||| READING 4 scrolls of teleportation.
  6318 | D:7      | HP: 5/49 [killer bee (4)]
  6319 | D:7      | 6319 ||| DRINKING potion of heal wounds.
  6562 | D:7      | HP: 8/51 [killer bee (7)]
  6563 | D:7      | 6563 ||| READING 3 scrolls of teleportation.
  6566 | D:7      | HP: 3/51 [killer bee (6)]
  6566 | D:7      | HP: 1/51 [killer bee (2)]
  6571 | D:7      | 6571 ||| READING 2 scrolls of teleportation.
  6815 | D:7      | Reached skill level 6 in Fighting
  6971 | D:7      | 6971 ||| Stepping ~*~*~tactically~*~*~ (stealth).
  6991 | D:7      | Reached skill level 1 in Throwing
  7230 | D:7      | Found an ornate altar of the Wu Jian Council.
  7230 | D:7      | Found a glowing silver altar of Zin.
  7230 | D:7      | Found an opulent altar of Gozag.
  7314 | D:7      | Found a snail-covered altar of Cheibriados.
  7393 | D:7      | Found a staircase to the Ecumenical Temple.
  7394 | D:7      | 7394 ||| PLANNING TEMPLE
  7394 | D:7      | 7394 ||| DROPPING ring of magical power.
  7395 | D:7      | 7395 ||| READING scroll labelled ZUNTAR GE SAA.
  7401 | Temple   | Entered the Ecumenical Temple
  7426 | Temple   | Became a worshipper of Warmaster Okawaru
  7428 | Temple   | 7428 ||| PLANNING D:1-11
  7525 | D:8      | Noticed Pikel
  7543 | D:8      | HP: 12/51 [Pikel/+2 whip of freezing (7)]
  7544 | D:8      | 7544 ||| READING scroll of teleportation.
  7545 | D:8      | 7545 ||| DRINKING potion of heal wounds.
  7547 | D:8      | Noticed a yak
  7556 | D:8      | Killed a yak
  7563 | D:8      | Reached XP level 9. HP: 24/55 MP: 8/8
  7565 | D:8      | 7565 ||| Stepping ~*~*~tactically~*~*~ (stealth).
  7584 | D:8      | 7584 ||| Stepping ~*~*~tactically~*~*~ (stealth).
  7588 | D:8      | Reached * piety under Okawaru
  7589 | D:8      | 7589 ||| INVOKING Heroism.
  7590 | D:8      | 7590 ||| INVOKING Heroism.
  7591 | D:8      | 7591 ||| INVOKING Heroism.
  7594 | D:8      | 7594 ||| Stepping ~*~*~tactically~*~*~ (stealth).
  7644 | D:8      | 7644 ||| Stepping ~*~*~tactically~*~*~ (stealth).
  7645 | D:8      | 7645 ||| Stepping ~*~*~tactically~*~*~ (stealth).
  7647 | D:8      | 7647 ||| Stepping ~*~*~tactically~*~*~ (stealth).
  7666 | D:8      | 7666 ||| INVOKING Heroism.
  7675 | D:8      | Reached skill level 9 in Axes
  7678 | D:8      | 7678 ||| INVOKING Heroism.
  7684 | D:8      | Reached skill level 1 in Invocations
  7829 | D:8      | Found a staircase to the Lair.
  7864 | D:8      | 7864 ||| INVOKING Heroism.
  7967 | D:8      | 7967 ||| INVOKING Heroism.
  7972 | D:8      | Killed Pikel
  7973 | D:8      | Reached skill level 3 in Invocations
  7981 | D:8      | Noticed a white ugly thing
  7983 | D:8      | 7983 ||| INVOKING Heroism.
  8000 | D:8      | HP: 4/57 [white ugly thing (13)]
  8001 | D:8      | 8001 ||| READING scroll of teleportation.
  8004 | D:8      | Slain by a white ugly thing

Levels and vault maps discovered:
D:1:      saegor_arrival_simple_d, layout_loops_ring,
          dreamdust_mushroom_princess, eino_curves_04
D:2:      minmay_wonky_spiral, layout_loops_ring, serial_shops,
          nicolae_shop_bloodbath_and_beyond,
          shapermc_ecumenical_altar_mp_ritualfount, uniq_sigmund, uniq_terence
D:3:      kennysheep_six_static_rooms, layout_basic
D:4:      layout_loops_corners, lemuel_crystal_altar,
          chequers_temple_overflow_minitemple, dk_rats_in_the_wall
D:5:      layout_loops_ring, lemuel_round_altar, uniq_ijyb
D:6:      layout_layer_cave
D:7:      layout_rooms, lemuel_coloured_pillars_altar,
          gammafunk_temple_overflow_claw, minmay_temple_entry_fiery,
          wad_woods_river_04
D:8:      layout_rooms, overflow_temple_1_default,
          grunt_lair_entry_orc_guard_hut, chequers_serial_rivers_micro_a,
          minmay_manual_mandibuliform, uniq_pikel
Temple:   nicolae_temple_ecumenical_triangle

Skill      XL: |  1  2  3  4  5  6  7  8  9 |
---------------+----------------------------+-----
Axes           | 2 3 5 6 7 8 9 |  9.1
Fighting       | 4 5 6 7 |  7.0
Dodging        | 1 |  1.0
Armour         | 4 5 |  5.3
Throwing       | 2 |  2.3
Invocations    | 4 |  4.0
Shields        | 4 |  4.1

Action                   |  1- 3 |  4- 6 |  7- 9 || total
-------------------------+-------+-------+-------++-------
Melee: War axe           |   111 |   121 |   279 ||   511
       Headbutt          |       |     4 |    40 ||    44
Throw: Javelin           |       |       |     5 ||     5
Invok: Heroism           |       |       |     6 ||     6
  Use: Scroll            |     2 |     7 |    12 ||    21
       Potion            |       |     3 |     2 ||     5
Armor: Scale mail        |    73 |       |       ||    73
       Chain mail        |     5 |    61 |   216 ||   282
Dodge: Dodged            |    54 |    30 |   163 ||   247
Block: Buckler           |    23 |    14 |    75 ||   112

Table legend:
 A = Non-vault XP
 B = Vault XP
 C = Vault XP percentage of total XP
 D = Non-vault monster count
 E = Vault monster count
 F = Vault count percentage of total count
                 A         B        C        D         E       F
            +---------+---------+-------+---------+---------+-------
      Total |    1984 |    2098 |  51.4 |      98 |      42 |  30.0
            +---------+---------+-------+---------+---------+-------
        D:1 |      42 |       0 |   0.0 |      25 |       0 |   0.0
        D:2 |      63 |     290 |  82.2 |      19 |       4 |  17.4
        D:3 |      26 |       9 |  25.7 |      11 |       6 |  35.3
        D:4 |     396 |     153 |  27.9 |      11 |      21 |  65.6
        D:5 |     145 |      36 |  19.9 |       8 |       1 |  11.1
        D:6 |     300 |       0 |   0.0 |       7 |       0 |   0.0
        D:7 |     545 |       0 |   0.0 |       9 |       0 |   0.0
        D:8 |     467 |    1610 |  77.5 |       8 |      10 |  55.6
            +---------+---------+-------+---------+---------+-------
